EVO
UNIVERSITY OF NORTH CAROLINA AT CHAPEL HILL TAR HEELS @ VANDERBILT UNIVERSITY COMMODORES
11/24/2047
 
TOP OF THE 1ST
University of North Carolina at Chapel Hill Tar Heels batting - Pitching for Vanderbilt University Commodores : RHP Milutin Mladjenovic
Pitching: RHP Milutin Mladjenovic
Batting: RHB Bill Atley 0-0: Ball
1-0: Swinging Strike
1-1: Foul Ball, location: 2F
1-2: Ball
2-2: SINGLE (Groundball, 56D, EV 102.5 MPH)
Batting: SHB Ryan Marsh 0-0: Ball
1-0: Foul Ball, location: 2F
1-1: Ball
2-1: Swinging Strike
2-2: Foul Ball, location: 2F
2-2: Ball
3-2: Strikes out swinging
Bill Atley is caught stealing 2nd base 2-6
Batter strikes out.
Batting: SHB Sam Fredrick 0-0: Called Strike
0-1: Ball
1-1: Ball
2-1: Fly out, F9 (Flyball, 9, EV 91.9 MPH)
Top of the 1st over - 0 runs, 1 hit, 0 errors, 0 left on base; University of North Carolina at Chapel Hill 0 - Vanderbilt University 0
BOTTOM OF THE 1ST
Vanderbilt University Commodores batting - Pitching for University of North Carolina at Chapel Hill Tar Heels : LHP Francisco Guerra
Pitching: LHP Francisco Guerra
Batting: RHB Ryan Cole 0-0: Called Strike
0-1: Swinging Strike
0-2: Foul Ball, location: 2F
0-2: Ball
1-2: Ground out 5-3 (Groundball, 5S, EV 91.2 MPH)
Batting: LHB Dennis French 0-0: Swinging Strike
0-1: Called Strike
0-2: Ball
1-2: Foul Ball, location: 2F
1-2: Ball
2-2: SINGLE (Line Drive, 89M, EV 100.0 MPH)
Batting: RHB Jose Ramos 0-0: Called Strike
0-1: Called Strike
0-2: Strikes out swinging
Batting: RHB Mel Bohorquez 0-0: Called Strike
0-1: Foul Ball, location: 2F
0-2: Foul Ball, location: 2F
0-2: Ball
1-2: Fly out, F8 (Flyball, 8RD, EV 91.2 MPH)
Bottom of the 1st over - 0 runs, 1 hit, 0 errors, 1 left on base; University of North Carolina at Chapel Hill 0 - Vanderbilt University 0
TOP OF THE 2ND
University of North Carolina at Chapel Hill Tar Heels batting - Pitching for Vanderbilt University Commodores : RHP Milutin Mladjenovic
Batting: RHB Jeremy Rollins 0-0: Foul Ball, location: 2F
0-1: Ground out 6-3 (Groundball, 6D, EV 80.0 MPH)
Batting: SHB Jim Saxon 0-0: Called Strike
0-1: Foul Ball, location: 2F
0-2: Ball
1-2: Foul Ball, location: 2F
1-2: Foul Ball, location: 2F
1-2: Fly out, F7 (Flyball, 78S, EV 88.8 MPH)
Batting: RHB Tan Halit 0-0: Ball
1-0: Foul Ball, location: 2F
1-1: Fly out, F3 (Popup, 3, EV 73.8 MPH)
Top of the 2nd over - 0 runs, 0 hits, 0 errors, 0 left on base; University of North Carolina at Chapel Hill 0 - Vanderbilt University 0
BOTTOM OF THE 2ND
Vanderbilt University Commodores batting - Pitching for University of North Carolina at Chapel Hill Tar Heels : LHP Francisco Guerra
Batting: LHB Tony Olmos 0-0: Ball
1-0: Swinging Strike
1-1: Foul Ball, location: 2F
1-2: Strikes out swinging
Batting: LHB Ryan Adams 0-0: Ground out 4-3 (Groundball, 4, EV 82.5 MPH)
Batting: LHB Garret Mathis 0-0: Foul Ball, location: 2F
0-1: Ball
1-1: Ball
2-1: Called Strike
2-2: Foul Ball, location: 2F
2-2: Fly out, F7 (Flyball, 7, EV 90.6 MPH)
Bottom of the 2nd over - 0 runs, 0 hits, 0 errors, 0 left on base; University of North Carolina at Chapel Hill 0 - Vanderbilt University 0
TOP OF THE 3RD
University of North Carolina at Chapel Hill Tar Heels batting - Pitching for Vanderbilt University Commodores : RHP Milutin Mladjenovic
Batting: RHB Tony Jennings 0-0: Ball
1-0: Called Strike
1-1: Called Strike
1-2: Strikes out swinging
Batting: RHB Kyle Franken 0-0: Ball
1-0: Foul Ball, location: 2F
1-1: Foul Ball, location: 2F
1-2: Foul Ball, location: 2F
1-2: Strikes out swinging
Batting: RHB Brandon Wilson 0-0: Foul Ball, location: 2F
0-1: Ball
1-1: Called Strike
1-2: SINGLE (Line Drive, 7LS, EV 93.1 MPH)
Batting: RHB Bill Atley 0-0: Foul Ball, location: 2F
0-1: Swinging Strike
0-2: Strikes out swinging
Top of the 3rd over - 0 runs, 1 hit, 0 errors, 1 left on base; University of North Carolina at Chapel Hill 0 - Vanderbilt University 0
BOTTOM OF THE 3RD
Vanderbilt University Commodores batting - Pitching for University of North Carolina at Chapel Hill Tar Heels : LHP Francisco Guerra
Batting: RHB Ryan Wright 0-0: Ball
1-0: Foul Ball, location: 2F
1-1: Foul Ball, location: 2F
1-2: Ball
2-2: Ball
3-2: Base on Balls
Batting: RHB Mike Weeks 0-0: Ball
1-0: Fly out, F3 (Line Drive, 3L, EV 70.6 MPH)
Batting: RHB Ryan Cole 0-0: Ball
1-0: Called Strike
1-1: Ball
2-1: Foul Ball, location: 2F
2-2: SINGLE (Groundball, 6MD, EV 96.9 MPH)
Ryan Wright to second
Batting: LHB Dennis French 0-0: Called Strike
0-1: Ball
1-1: Ball
2-1: Ball
3-1: Base on Balls
Ryan Wright to third
Ryan Cole to second
Batting: RHB Jose Ramos 0-0: Ball
1-0: Ball
2-0: Fly out, F9 (Flyball, 9D, EV 106.9 MPH)
Runner from 3rd tags up, SCORES, no throw by RF
Batting: RHB Mel Bohorquez 0-0: Called Strike
0-1: Ball
1-1: Ball
2-1: Foul Ball, location: 2F
2-2: Strikes out swinging
Bottom of the 3rd over - 1 run, 1 hit, 0 errors, 2 left on base; University of North Carolina at Chapel Hill 0 - Vanderbilt University 1
TOP OF THE 4TH
University of North Carolina at Chapel Hill Tar Heels batting - Pitching for Vanderbilt University Commodores : RHP Milutin Mladjenovic
Batting: SHB Ryan Marsh 0-0: Foul Ball, location: 2F
0-1: Ball
1-1: Called Strike
1-2: Ball
2-2: Strikes out looking
Batting: SHB Sam Fredrick 0-0: Ball
1-0: Swinging Strike
1-1: Reached on error, E4 (Groundball, 4, EV 93.1 MPH)
Batting: RHB Jeremy Rollins 0-0: Ball
1-0: Called Strike
1-1: Foul Ball, location: 2F
1-2: Fly out, F8 (Flyball, 8LD, EV 91.9 MPH)
Batting: SHB Jim Saxon 0-0: Called Strike
0-1: Foul Ball, location: 2F
0-2: Foul Ball, location: 2F
0-2: Foul Ball, location: 2F
0-2: Ball
1-2: Ball
2-2: Strikes out swinging
Top of the 4th over - 0 runs, 0 hits, 1 error, 1 left on base; University of North Carolina at Chapel Hill 0 - Vanderbilt University 1
BOTTOM OF THE 4TH
Vanderbilt University Commodores batting - Pitching for University of North Carolina at Chapel Hill Tar Heels : LHP Francisco Guerra
Batting: LHB Tony Olmos 0-0: Foul Ball, location: 2F
0-1: Ball
1-1: Swinging Strike
1-2: Strikes out looking
Batting: LHB Ryan Adams 0-0: Called Strike
0-1: SINGLE (Groundball, 56D, EV 96.2 MPH)
Batting: LHB Garret Mathis 0-0: Ball
1-0: Fielders Choice at 2nd, 3-6 (Groundball, 34, EV 83.1 MPH)
Batting: RHB Ryan Wright 0-0: Ball
1-0: Fielders Choice at 2nd, 6-4 (Groundball, 6, EV 87.5 MPH)
Bottom of the 4th over - 0 runs, 1 hit, 0 errors, 1 left on base; University of North Carolina at Chapel Hill 0 - Vanderbilt University 1
TOP OF THE 5TH
University of North Carolina at Chapel Hill Tar Heels batting - Pitching for Vanderbilt University Commodores : RHP Milutin Mladjenovic
Batting: RHB Tan Halit 0-0: Foul Ball, location: 2F
0-1: Ground out 4-3 (Groundball, 4, EV 89.4 MPH)
Batting: RHB Tony Jennings 0-0: Called Strike
0-1: Fly out, F7 (Flyball, 7LD, EV 94.4 MPH)
Batting: RHB Kyle Franken 0-0: Swinging Strike
0-1: Ball
1-1: Foul Ball, location: 2F
1-2: Ball
2-2: SINGLE (Groundball, 6D, EV 94.4 MPH)
Batting: RHB Brandon Wilson 0-0: Swinging Strike
0-1: Called Strike
0-2: Strikes out swinging
Top of the 5th over - 0 runs, 1 hit, 0 errors, 1 left on base; University of North Carolina at Chapel Hill 0 - Vanderbilt University 1
BOTTOM OF THE 5TH
Vanderbilt University Commodores batting - Pitching for University of North Carolina at Chapel Hill Tar Heels : LHP Francisco Guerra
Batting: RHB Mike Weeks 0-0: Called Strike
0-1: Swinging Strike
0-2: Ball
1-2: Ball
2-2: Strikes out swinging
Batting: RHB Ryan Cole 0-0: Called Strike
0-1: Foul Ball, location: 2F
0-2: Ball
1-2: Ball
2-2: Ball
3-2: Ground out U3 (Groundball, 34, EV 81.9 MPH)
Batting: LHB Dennis French 0-0: Ball
1-0: Foul Ball, location: 2F
1-1: SINGLE (Line Drive, 6D, EV 96.9 MPH)
Pitching: RHP Didier Pages
Batting: RHB Jose Ramos 0-0: Foul Ball, location: 2F
0-1: Fielders Choice at 2nd, 6-4 (Groundball, 6, EV 105.0 MPH)
Bottom of the 5th over - 0 runs, 1 hit, 0 errors, 1 left on base; University of North Carolina at Chapel Hill 0 - Vanderbilt University 1
TOP OF THE 6TH
University of North Carolina at Chapel Hill Tar Heels batting - Pitching for Vanderbilt University Commodores : RHP Milutin Mladjenovic
Batting: RHB Bill Atley 0-0: Called Strike
0-1: Called Strike
0-2: Ball
1-2: Strikes out looking
Batting: SHB Ryan Marsh 0-0: Called Strike
0-1: Ball
1-1: Called Strike
1-2: Strikes out swinging
Batting: SHB Sam Fredrick 0-0: Ball
1-0: Called Strike
1-1: Called Strike
1-2: Foul Ball, location: 2F
1-2: Fly out, F6 (Popup, 6, EV 65.6 MPH)
Top of the 6th over - 0 runs, 0 hits, 0 errors, 0 left on base; University of North Carolina at Chapel Hill 0 - Vanderbilt University 1
BOTTOM OF THE 6TH
Vanderbilt University Commodores batting - Pitching for University of North Carolina at Chapel Hill Tar Heels : RHP Didier Pages
Batting: RHB Mel Bohorquez 0-0: Ground out U3 (Groundball, 3S, EV 90.6 MPH)
Batting: LHB Tony Olmos 0-0: Foul Ball, location: 2F
0-1: Ball
1-1: DOUBLE (Line Drive, 78D, EV 105.6 MPH)
Batting: LHB Ryan Adams 0-0: Ball
1-0: Called Strike
1-1: Ball
2-1: Foul Ball, location: 2F
2-2: Ball
3-2: Ground out U3 (Groundball, 34, EV 79.4 MPH)
Tony Olmos to third
Batting: LHB Garret Mathis 0-0: Ball
1-0: SINGLE (Groundball, 6MD, EV 100.0 MPH)
Tony Olmos scores
Batting: RHB Ryan Wright 0-0: Ball
1-0: SINGLE (Groundball, 56D, EV 105.0 MPH)
Garret Mathis to second
Runner from 2nd tries for 3rd, SAFE, throw by LF made to third
Batting: RHB Mike Weeks 0-0: Foul Ball, location: 2F
0-1: Ground out 2-3 (Groundball, 15S, EV 73.8 MPH)
Bottom of the 6th over - 1 run, 3 hits, 0 errors, 2 left on base; University of North Carolina at Chapel Hill 0 - Vanderbilt University 2
TOP OF THE 7TH
University of North Carolina at Chapel Hill Tar Heels batting - Pitching for Vanderbilt University Commodores : RHP Milutin Mladjenovic
Pitching: RHP Wilson Mendez
Batting: RHB Jeremy Rollins 0-0: Called Strike
0-1: Called Strike
0-2: Strikes out swinging
Batting: SHB Jim Saxon 0-0: Ball
1-0: Called Strike
1-1: Swinging Strike
1-2: Strikes out swinging
Batting: RHB Tan Halit 0-0: Called Strike
0-1: Foul Ball, location: 2F
0-2: Foul Ball, location: 2F
0-2: Ball
1-2: Ground out 1-3 (Groundball, 15S, EV 69.4 MPH)
Top of the 7th over - 0 runs, 0 hits, 0 errors, 0 left on base; University of North Carolina at Chapel Hill 0 - Vanderbilt University 2
BOTTOM OF THE 7TH
Vanderbilt University Commodores batting - Pitching for University of North Carolina at Chapel Hill Tar Heels : RHP Didier Pages
Pitching: RHP Jason Kaelber
Batting: RHB Ryan Cole 0-0: Ball
1-0: Ball
2-0: Ball
3-0: Called Strike
3-1: Foul Ball, location: 2F
3-2: Reached on error, E6 (Groundball, 6, EV 106.9 MPH)
Batting: LHB Dennis French 0-0: Ball
1-0: Ball
2-0: Called Strike
2-1: Foul Ball, location: 2F
2-2: Ball
3-2: Base on Balls
Ryan Cole to second
Batting: RHB Jose Ramos 0-0: Grounds into double play, 6-4-3 (Groundball, 6, EV 78.8 MPH)
Ryan Cole to third
Batting: RHB Mel Bohorquez 0-0: Ball
1-0: Ball
2-0: Ball
3-0: Called Strike
3-1: Base on Balls
Batting: LHB Tony Olmos 0-0: Foul Ball, location: 2F
0-1: Ball
1-1: Ball
2-1: Called Strike
2-2: Fly out, F8 (Flyball, 8LM, EV 83.8 MPH)
Bottom of the 7th over - 0 runs, 0 hits, 1 error, 2 left on base; University of North Carolina at Chapel Hill 0 - Vanderbilt University 2
TOP OF THE 8TH
University of North Carolina at Chapel Hill Tar Heels batting - Pitching for Vanderbilt University Commodores : RHP Wilson Mendez
Batting: RHB Tony Jennings 0-0: Ball
1-0: Ball
2-0: Foul Ball, location: 2F
2-1: Ball
3-1: Base on Balls
Batting: RHB Kyle Franken 0-0: Called Strike
0-1: Ball
1-1: SINGLE (Line Drive, 9S, EV 105.0 MPH)
Tony Jennings to second
Batting: RHB Brandon Wilson 0-0: Foul Ball, location: 2F
0-1: Called Strike
0-2: Ball
1-2: Strikes out swinging
Batting: RHB Bill Atley 0-0: Ball
1-0: Ball
2-0: Ball
3-0: Called Strike
3-1: Called Strike
3-2: Reached on error, E2 (Groundball, 2R, EV 66.2 MPH)
Tony Jennings scores
Kyle Franken to third
Pitching: RHP Alex Guzman
Batting: SHB Ryan Marsh 0-0: Ground out 4-3 (Groundball, 4, EV 81.2 MPH)
Kyle Franken scores
Bill Atley to third
Batting: SHB Sam Fredrick 0-0: Ball
1-0: Called Strike
1-1: Foul Ball, location: 2F
1-2: Ball
2-2: Foul Ball, location: 2F
2-2: Ball
3-2: Foul Ball, location: 2F
3-2: Fly out, F8 (Flyball, 8RS, EV 94.4 MPH)
Top of the 8th over - 2 runs, 1 hit, 1 error, 1 left on base; University of North Carolina at Chapel Hill 2 - Vanderbilt University 2
BOTTOM OF THE 8TH
Vanderbilt University Commodores batting - Pitching for University of North Carolina at Chapel Hill Tar Heels : RHP Jason Kaelber
Pitching: RHP Vince Sumpter
Batting: LHB Ryan Adams 0-0: Ball
1-0: Ball
2-0: Called Strike
2-1: Called Strike
2-2: Ground out 6-3 (Groundball, 4M, EV 86.2 MPH)
Batting: LHB Garret Mathis 0-0: Ball
1-0: Fly out, F7 (Flyball, 7S, EV 86.9 MPH)
Batting: RHB Ryan Wright 0-0: Ball
1-0: Ball
2-0: Ball
3-0: Called Strike
3-1: Ground out 6-3 (Groundball, 6, EV 88.8 MPH)
Bottom of the 8th over - 0 runs, 0 hits, 0 errors, 0 left on base; University of North Carolina at Chapel Hill 2 - Vanderbilt University 2
TOP OF THE 9TH
University of North Carolina at Chapel Hill Tar Heels batting - Pitching for Vanderbilt University Commodores : RHP Alex Guzman
Batting: RHB Jeremy Rollins 0-0: Ball
1-0: Ball
2-0: Called Strike
2-1: Foul Ball, location: 2F
2-2: Strikes out swinging
Batting: SHB Jim Saxon 0-0: Swinging Strike
0-1: Foul Ball, location: 2F
0-2: Ball
1-2: Ball
2-2: Foul Ball, location: 2F
2-2: Foul Ball, location: 2F
2-2: Ball
3-2: Foul Ball, location: 2F
3-2: Foul Ball, location: 2F
3-2: Base on Balls
Batting: RHB Tan Halit 0-0: Ball
1-0: Called Strike
1-1: Ball
2-1: Foul Ball, location: 2F
2-2: Ground out 6-3 (Groundball, 6S, EV 66.9 MPH)
Jim Saxon to second
Batting: RHB Tony Jennings 0-0: Intentional Walk
Pitching: LHP Tim Dyer
Batting: RHB Kyle Franken 0-0: Ball
1-0: Foul Ball, location: 2F
1-1: Ball
2-1: Fly out, F8 (Flyball, 8RS, EV 97.5 MPH)
Top of the 9th over - 0 runs, 0 hits, 0 errors, 2 left on base; University of North Carolina at Chapel Hill 2 - Vanderbilt University 2
BOTTOM OF THE 9TH
Vanderbilt University Commodores batting - Pitching for University of North Carolina at Chapel Hill Tar Heels : RHP Vince Sumpter
Pinch Hitting: LHB Jessie Whedbee 0-0: Foul Ball, location: 2F
0-1: SOLO HOME RUN (Flyball, 89XD, EV 96.9 MPH), Distance : 381 ft
Bottom of the 9th over - 1 run, 1 hit, 0 errors, 0 left on base; University of North Carolina at Chapel Hill 2 - Vanderbilt University 3
Thursday, December 15th , 2022 - OOTP Baseball 23.9 Build 102